 Dungeon Crawl Stone Soup version 0.20.1-1-g8b1a95d (webtiles) character file.

112 rajaping the Skirmisher (level 4, -3/41 HPs)
             Began as a Minotaur Fighter on Nov 28, 2017.
             Slain by a two-headed ogre
             ... wielding a +0 giant club
              (21 damage)
             ... on level 3 of the Dungeon.
             The game lasted 00:05:21 (2003 turns).

rajaping the Skirmisher (Minotaur Fighter)          Turns: 2003, Time: 00:05:22

Health: -3/41      AC:  9    Str: 22    XL:     4   Next: 63%
Magic:  3/3        EV:  7    Int:  5    God:
Gold:   66         SH:  9    Dex:  9    Spells: 3/3 levels left

rFire    . . .     SeeInvis .   a - +0 flail
rCold    . . .     Gourm    .   c - +0 shield
rNeg     . . .     Faith    .   h - +0 scale mail
rPois    .         Spirit   .   (helmet restricted)
rElec    .         Reflect  .   (no cloak)
rCorr    .         Harm     .   (no gloves)
MR       .....                  (no boots)
Stlth    ..........             (no amulet)
Regen    0.2/turn               v - +2 ring of protection
MPRegen  0.1/turn               (no ring)

@: no status effects
A: retaliatory headbutt, horns 2
a: no special abilities


You were on level 3 of the Dungeon.
You were hungry.

You visited 1 branch of the dungeon, and saw 3 of its levels.

You collected 66 gold pieces.

Inventory:

Hand Weapons
 a - a +0 flail (weapon)
 b - a +0 hunting sling
 p - a +0 blowgun
 q - a +2 dagger of venom
 y - a +4 halberd
Missiles
 g - 5 javelins (quivered)
 t - 17 stones
 z - 6 poisoned needles
Armour
 c - a +0 shield (worn)
 h - a +0 scale mail (worn)
 n - a cursed -1 plate armour
 s - a +0 plate armour
Jewellery
 v - a +2 ring of protection (left hand)
Wands
 w - a wand of digging (13/24)
Scrolls
 i - a scroll of immolation {unknown}
 j - 3 scrolls of identify {unknown}
 k - 3 scrolls of remove curse {unknown}
 m - a scroll of blinking {unknown}
 u - a scroll of enchant armour {unknown}
 x - a scroll of teleportation {unknown}
Potions
 d - a potion of might
 e - a potion of heal wounds {unknown}
 l - a potion of haste {unknown}
Comestibles
 f - 2 bread rations
 o - a meat ration
 r - a royal jelly


   Skills:
 + Level 4.4 Fighting
 * Level 4.3 Maces & Flails
 + Level 4.3 Armour
 + Level 4.1 Shields


You had 3 spell levels left.
You didn't know any spells.

Dungeon Overview and Level Annotations

Branches:
Dungeon (3/15)

Altars:


Innate Abilities, Weirdness & Mutations

You reflexively headbutt those who attack you in melee.
You have a pair of horns on your head.


Message History

an uncursed blowgun; 6 poisoned needles; an inedible chunk of flesh
p - an uncursed blowgun;
z - 6 poisoned needles You see here a halberd.
j - 3 scrolls labeled VAUM AJAMOIPN (gained 1)
A two-headed ogre comes into view. It is wielding two giant clubs.
You see here 6 gold pieces.
You now have 66 gold pieces (gained 6).
You block the two-headed ogre's attack.
The two-headed ogre hits you with a giant club.
You are feeling hungry.
You sock the two-headed ogre!
The two-headed ogre is moderately wounded.
You block the two-headed ogre's attack.
The two-headed ogre hits you with a giant club!!
You hit the two-headed ogre.
The two-headed ogre is moderately wounded.
The two-headed ogre hits you with a giant club.
The two-headed ogre hits you with a giant club!!
Ouch! That really hurt!
You die...

.... .# ..... ..... . .
..... .... .##.. #.....
..# ..... ......
#.######......
#.....###.#O...#......
#..........@..........
..##..............#......
...................#......
.........###.##.......?...
........# #)##...........
#......###%##....#######
#......#...##....#
#........#########
#.......##


You could see a two-headed ogre.

Vanquished Creatures
  4 gnolls (D:3)
  3 adders
  2 worms (D:2)
  2 dart slugs (D:2)
  2 giant cockroaches
  4 goblins
  4 hobgoblins
  A quokka (D:2)
  8 bats
  2 frilled lizards
  3 kobolds
  7 rats
42 creatures vanquished.

Notes
Turn   | Place    | Note
-------+----------+-------------------------------------------
     0 | D:1      | rajaping the Minotaur Fighter began the quest for the Orb.
     0 | D:1      | Reached XP level 1. HP: 19/19 MP: 0/0
   434 | D:1      | Reached XP level 2. HP: 27/27 MP: 1/1
   892 | D:2      | Reached XP level 3. HP: 33/33 MP: 2/2
  1405 | D:2      | Reached XP level 4. HP: 30/40 MP: 3/3
  1996 | D:3      | Noticed a two-headed ogre
  2003 | D:3      | Slain by a two-headed ogre

Skill      XL: |  1  2  3  4 |
---------------+-------------+-----
Maces & Flails | 3 4 |  4.3
Fighting       | 4 |  4.4
Armour         | 4 |  4.3
Shields        | 4 |  4.1

Action                   |  1- 3 |  4- 6 || total
-------------------------+-------+-------++-------
Melee: Flail             |    78 |    25 ||   103
       Headbutt          |     7 |     2 ||     9
  Eat: Chunk             |     2 |     1 ||     3
Armor: Scale mail        |    30 |     3 ||    33
Dodge: Dodged            |    18 |     3 ||    21
Block: Shield            |    43 |    11 ||    54
